| TOP OF THE 1ST |
|
Cleveland Spiders batting - Pitching for New York Yankees : RHP Steve Shields
|
|
Pitching: RHP Steve Shields
|
|
|
Batting: RHB Tom Brunansky
|
0-0: Called Strike 0-1: Foul Ball, location: 2F 0-2: Foul Ball, location: 2F 0-2: Fly out, F7 (Flyball, 78D, EV 100.6 MPH)
|
|
Batting: SHB Bump Wills
|
0-0: Foul Ball, location: 2F 0-1: Ball 1-1: Fly out, F8 (Flyball, 8LD, EV 88.1 MPH)
|
|
Batting: RHB Clayton Elliott
|
0-0: Called Strike 0-1: Ball 1-1: Ball 2-1: Swinging Strike 2-2: SINGLE (Line Drive, 78S, EV 95.0 MPH)
|
|
Batting: SHB Salvador Perez
|
0-0: Called Strike 0-1: Swinging Strike 0-2: Foul Ball, location: 2F 0-2: SINGLE (Flyball, 89S, EV 85.0 MPH) Clayton Elliott to second Clayton Elliott to third
|
|
Batting: RHB Alan Trammell
|
0-0: Ball 1-0: Called Strike 1-1: Fly out, F6 (Line Drive, 6, EV 71.3 MPH)
|
| Top of the 1st over - 0 runs, 2 hits, 0 errors, 2 left on base; Cleveland 0 - New York 0 |
| BOTTOM OF THE 1ST |
|
New York Yankees batting - Pitching for Cleveland Spiders : RHP Richard Waller
|
|
Pitching: RHP Richard Waller
|
|
|
Batting: LHB Wade Boggs
|
0-0: Called Strike 0-1: Ball 1-1: Fly out, F8 (Line Drive, 8LD, EV 88.1 MPH)
|
|
Batting: SHB Willie Wilson
|
0-0: Ball 1-0: Ground out 5-3 (Groundball, 56, EV 88.1 MPH)
|
|
Batting: LHB Kent Hrbek
|
0-0: Swinging Strike 0-1: Ball 1-1: Ball 2-1: Ball 3-1: Swinging Strike 3-2: Strikes out looking
|
| Bottom of the 1st over - 0 runs, 0 hits, 0 errors, 0 left on base; Cleveland 0 - New York 0 |
| TOP OF THE 2ND |
|
Cleveland Spiders batting - Pitching for New York Yankees : RHP Steve Shields
|
|
Batting: RHB Gary Gaetti
|
0-0: Called Strike 0-1: Ball 1-1: Ball 2-1: Ball 3-1: Called Strike 3-2: Foul Ball, location: 2F 3-2: Fly out, F7 (Flyball, 7LS, EV 82.5 MPH)
|
|
Batting: RHB Cressy Pratt
|
0-0: Called Strike 0-1: Swinging Strike 0-2: Strikes out swinging
|
|
Batting: RHB Gene Tenace
|
0-0: Called Strike 0-1: Called Strike 0-2: Foul Ball, location: 2F 0-2: Foul Ball, location: 2F 0-2: Strikes out swinging
|
| Top of the 2nd over - 0 runs, 0 hits, 0 errors, 0 left on base; Cleveland 0 - New York 0 |
| BOTTOM OF THE 2ND |
|
New York Yankees batting - Pitching for Cleveland Spiders : RHP Richard Waller
|
|
Batting: LHB George Kaage
|
0-0: Ball 1-0: Ball 2-0: Ball 3-0: Base on Balls
|
|
Batting: RHB Pedro Guerrero
|
0-0: Grounds into double play, 6-4-3 (Groundball, 6, EV 81.3 MPH)
|
|
Batting: SHB Jerry Manuel
|
0-0: DOUBLE (Line Drive, 78D, EV 100.6 MPH)
|
|
Batting: RHB Vic Rodriguez
|
0-0: Called Strike 0-1: Called Strike 0-2: Strikes out swinging
|
| Bottom of the 2nd over - 0 runs, 1 hit, 0 errors, 1 left on base; Cleveland 0 - New York 0 |
| TOP OF THE 3RD |
|
Cleveland Spiders batting - Pitching for New York Yankees : RHP Steve Shields
|
|
Batting: RHB Jesse Barfield
|
0-0: Ball 1-0: Foul Ball, location: 2F 1-1: Ball 2-1: Ball 3-1: Fly out, F2 (Popup, 15S, EV 85.0 MPH)
|
|
Batting: RHB Tom Brunansky
|
0-0: Ground out U3 (Groundball, 34, EV 80.6 MPH)
|
|
Batting: SHB Bump Wills
|
0-0: Swinging Strike 0-1: Called Strike 0-2: Ball 1-2: Strikes out swinging
|
| Top of the 3rd over - 0 runs, 0 hits, 0 errors, 0 left on base; Cleveland 0 - New York 0 |
| BOTTOM OF THE 3RD |
|
New York Yankees batting - Pitching for Cleveland Spiders : RHP Richard Waller
|
|
Batting: RHB Emanuel Cortez
|
0-0: Called Strike 0-1: Foul Ball, location: 2F 0-2: Foul Ball, location: 2F 0-2: Ball 1-2: Ground out 6-3 (Groundball, 6, EV 87.5 MPH)
|
|
Batting: LHB Tim Norrid
|
0-0: Called Strike 0-1: Foul Ball, location: 2F 0-2: Strikes out swinging
|
|
Batting: LHB Wade Boggs
|
0-0: Fly out, F5 (Popup, 5, EV 73.8 MPH)
|
| Bottom of the 3rd over - 0 runs, 0 hits, 0 errors, 0 left on base; Cleveland 0 - New York 0 |
| TOP OF THE 4TH |
|
Cleveland Spiders batting - Pitching for New York Yankees : RHP Steve Shields
|
|
Batting: RHB Clayton Elliott
|
0-0: Foul Ball, location: 2F 0-1: Ball 1-1: Called Strike 1-2: Strikes out swinging
|
|
Batting: SHB Salvador Perez
|
0-0: Called Strike 0-1: Ball 1-1: Called Strike 1-2: Ball 2-2: Foul Ball, location: 2F 2-2: Strikes out looking
|
|
Batting: RHB Alan Trammell
|
0-0: Called Strike 0-1: SINGLE (Groundball, 4M, EV 92.5 MPH) (infield hit)
|
|
Batting: RHB Gary Gaetti
|
0-0: Called Strike 0-1: Swinging Strike 0-2: Strikes out swinging
|
| Top of the 4th over - 0 runs, 1 hit, 0 errors, 1 left on base; Cleveland 0 - New York 0 |
| BOTTOM OF THE 4TH |
|
New York Yankees batting - Pitching for Cleveland Spiders : RHP Richard Waller
|
|
Batting: SHB Willie Wilson
|
0-0: Ground out 4-3 (Groundball, 4, EV 100.0 MPH)
|
|
Batting: LHB Kent Hrbek
|
0-0: Ground out 1-3 (Groundball, 13S, EV 73.1 MPH)
|
|
Batting: LHB George Kaage
|
0-0: Ball 1-0: Ball 2-0: Foul Ball, location: 2F 2-1: Foul Ball, location: 2F 2-2: Foul Ball, location: 2F 2-2: Foul Ball, location: 2F 2-2: Ball 3-2: Ground out 4-3 (Groundball, 34, EV 85.0 MPH)
|
| Bottom of the 4th over - 0 runs, 0 hits, 0 errors, 0 left on base; Cleveland 0 - New York 0 |
| TOP OF THE 5TH |
|
Cleveland Spiders batting - Pitching for New York Yankees : RHP Steve Shields
|
|
Batting: RHB Cressy Pratt
|
0-0: Ball 1-0: Bunt missed! 1-1: Foul Ball, location: 2F 1-2: Strikes out looking
|
|
Batting: RHB Gene Tenace
|
0-0: Called Strike 0-1: Swinging Strike 0-2: Ball 1-2: Ball 2-2: Foul Ball, location: 2F 2-2: Strikes out looking
|
|
Batting: RHB Jesse Barfield
|
0-0: Called Strike 0-1: Swinging Strike 0-2: Foul Ball, location: 2F 0-2: Strikes out swinging
|
| Top of the 5th over - 0 runs, 0 hits, 0 errors, 0 left on base; Cleveland 0 - New York 0 |
| BOTTOM OF THE 5TH |
|
New York Yankees batting - Pitching for Cleveland Spiders : RHP Richard Waller
|
|
Batting: RHB Pedro Guerrero
|
0-0: Swinging Strike 0-1: Ground out 5-3 (Groundball, 56, EV 90.6 MPH)
|
|
Batting: SHB Jerry Manuel
|
0-0: Foul Ball, location: 2F 0-1: Called Strike 0-2: Foul Ball, location: 2F 0-2: Ball 1-2: Fly out, F8 (Flyball, 89D, EV 101.3 MPH)
|
|
Batting: RHB Vic Rodriguez
|
0-0: Called Strike 0-1: Ball 1-1: Ball 2-1: Fly out, F8 (Line Drive, 8RD, EV 92.5 MPH)
|
| Bottom of the 5th over - 0 runs, 0 hits, 0 errors, 0 left on base; Cleveland 0 - New York 0 |
| TOP OF THE 6TH |
|
Cleveland Spiders batting - Pitching for New York Yankees : RHP Steve Shields
|
|
Batting: RHB Tom Brunansky
|
0-0: Called Strike 0-1: Fly out, F8 (Flyball, 8RS, EV 96.3 MPH)
|
|
Batting: SHB Bump Wills
|
0-0: Ball 1-0: Ground out 4-3 (Groundball, 4, EV 79.4 MPH)
|
|
Batting: RHB Clayton Elliott
|
0-0: Ball 1-0: Ball 2-0: Ball 3-0: Fly out, F5 (Popup, 56S, EV 74.4 MPH)
|
| Top of the 6th over - 0 runs, 0 hits, 0 errors, 0 left on base; Cleveland 0 - New York 0 |
| BOTTOM OF THE 6TH |
|
New York Yankees batting - Pitching for Cleveland Spiders : RHP Richard Waller
|
|
Batting: RHB Emanuel Cortez
|
0-0: Ground out U3 (Groundball, 3, EV 84.4 MPH)
|
|
Batting: LHB Tim Norrid
|
0-0: Foul Ball, location: 2F 0-1: Foul Ball, location: 2F 0-2: Ball 1-2: Ground out 4-3 (Groundball, 4, EV 81.3 MPH)
|
|
Batting: LHB Wade Boggs
|
0-0: Foul Ball, location: 2F 0-1: Ball 1-1: Foul Ball, location: 2F 1-2: Ball 2-2: Fly out, F6 (Flyball, 6MD, EV 87.5 MPH)
|
| Bottom of the 6th over - 0 runs, 0 hits, 0 errors, 0 left on base; Cleveland 0 - New York 0 |
| TOP OF THE 7TH |
|
Cleveland Spiders batting - Pitching for New York Yankees : RHP Steve Shields
|
|
Batting: SHB Salvador Perez
|
0-0: Called Strike 0-1: Foul Ball, location: 2F 0-2: Ball 1-2: Strikes out swinging
|
|
Batting: RHB Alan Trammell
|
0-0: Foul Ball, location: 2F 0-1: Ball 1-1: Foul Ball, location: 2F 1-2: Ground out 4-3 (Groundball, 4, EV 83.8 MPH)
|
|
Batting: RHB Gary Gaetti
|
0-0: Foul Ball, location: 2F 0-1: Called Strike 0-2: Ball 1-2: Ball 2-2: Ball 3-2: Base on Balls
|
|
Batting: RHB Cressy Pratt
|
0-0: Ball 1-0: Ball 2-0: Foul Ball, location: 2F 2-1: Called Strike 2-2: Strikes out swinging
|
| Top of the 7th over - 0 runs, 0 hits, 0 errors, 1 left on base; Cleveland 0 - New York 0 |
| BOTTOM OF THE 7TH |
|
New York Yankees batting - Pitching for Cleveland Spiders : RHP Richard Waller
|
|
Batting: SHB Willie Wilson
|
0-0: SOLO HOME RUN (Flyball, 9D, EV 106.9 MPH), Distance : 375 ft
|
|
Batting: LHB Kent Hrbek
|
0-0: Called Strike 0-1: Called Strike 0-2: Ball 1-2: SINGLE (Line Drive, 5D, EV 96.3 MPH)
|
|
Batting: LHB George Kaage
|
0-0: Ball 1-0: Ball 2-0: Called Strike 2-1: Ball 3-1: Base on Balls Kent Hrbek to second
|
|
Batting: RHB Pedro Guerrero
|
0-0: Grounds into double play, 6-4-3 (Groundball, 6D, EV 104.4 MPH) Kent Hrbek to third
|
|
Batting: SHB Jerry Manuel
|
0-0: Called Strike 0-1: Foul Ball, location: 2F 0-2: Ball 1-2: Ball 2-2: Fly out, F4 (Popup, 4MD, EV 67.5 MPH)
|
| Bottom of the 7th over - 1 run, 2 hits, 0 errors, 1 left on base; Cleveland 0 - New York 1 |
| TOP OF THE 8TH |
|
Cleveland Spiders batting - Pitching for New York Yankees : RHP Steve Shields
|
|
Now in LF: David Hall
|
|
|
Now in CF: Larry Hyman
|
|
|
Batting: RHB Gene Tenace
|
0-0: Called Strike 0-1: Foul Ball, location: 2F 0-2: Strikes out swinging
|
|
Batting: RHB Jesse Barfield
|
0-0: Swinging Strike 0-1: Foul Ball, location: 2F 0-2: SINGLE (Flyball, 8RS, EV 89.4 MPH)
|
|
Batting: RHB Tom Brunansky
|
0-0: Called Strike Pickoff Throw by Catcher to First - Error! E2 Jesse Barfield to second 0-1: Ball 1-1: Swinging Strike 1-2: Foul Ball, location: 2F 1-2: Ball 2-2: Ball 3-2: Foul Ball, location: 2F 3-2: Base on Balls
|
|
Batting: SHB Bump Wills
|
0-0: Called Strike 0-1: Ball 1-1: Ball 2-1: SINGLE (Line Drive, 9S, EV 92.5 MPH) Jesse Barfield to third Tom Brunansky to second Runner from 3rd tries for Home, SAFE, throw by RF to home
|
|
Batting: RHB Clayton Elliott
|
0-0: Foul Ball, location: 2F 0-1: Swinging Strike 0-2: Fly out, F8 (Flyball, 8LD, EV 103.1 MPH) Runner from 2nd tags up, SAFE at 3rd with throw by CF
|
|
Pitching: RHP Camilo Aprgio
|
|
|
Batting: SHB Salvador Perez
|
0-0: Ball 1-0: Fly out, F5 (Popup, 56S, EV 80.6 MPH)
|
| Top of the 8th over - 1 run, 2 hits, 1 error, 2 left on base; Cleveland 1 - New York 1 |
| BOTTOM OF THE 8TH |
|
New York Yankees batting - Pitching for Cleveland Spiders : RHP Richard Waller
|
|
Batting: RHB David Hall
|
0-0: Called Strike 0-1: Ground out 6-3 (Groundball, 6, EV 86.9 MPH)
|
|
Batting: RHB Emanuel Cortez
|
0-0: Ball 1-0: Ground out 5-3 (Groundball, 56S, EV 83.1 MPH)
|
|
Batting: LHB Tim Norrid
|
0-0: Ground out U3 (Groundball, 3, EV 88.8 MPH)
|
| Bottom of the 8th over - 0 runs, 0 hits, 0 errors, 0 left on base; Cleveland 1 - New York 1 |
| TOP OF THE 9TH |
|
Cleveland Spiders batting - Pitching for New York Yankees : RHP Camilo Aprgio
|
|
Batting: RHB Alan Trammell
|
0-0: Called Strike 0-1: Foul Ball, location: 2F 0-2: Foul Ball, location: 2F 0-2: Strikes out swinging
|
|
Batting: RHB Gary Gaetti
|
0-0: Ball 1-0: SOLO HOME RUN (Flyball, 7D, EV 109.4 MPH), Distance : 423 ft
|
|
Batting: RHB Cressy Pratt
|
0-0: Fly out, F8 (Flyball, 78XD, EV 101.9 MPH)
|
|
Batting: RHB Gene Tenace
|
0-0: Ball 1-0: Foul Ball, location: 2F 1-1: Foul Ball, location: 2F 1-2: Ball 2-2: Strikes out swinging
|
| Top of the 9th over - 1 run, 1 hit, 0 errors, 0 left on base; Cleveland 2 - New York 1 |
| BOTTOM OF THE 9TH |
|
New York Yankees batting - Pitching for Cleveland Spiders : RHP Richard Waller
|
|
Batting: LHB Wade Boggs
|
0-0: SOLO HOME RUN (Flyball, 9D, EV 109.4 MPH), Distance : 375 ft
|
|
Pitching: RHP Joe Beckwith
|
|
|
Batting: SHB Willie Wilson
|
0-0: Called Strike 0-1: Swinging Strike 0-2: SINGLE (Line Drive, 34D, EV 99.4 MPH)
|
|
Batting: LHB Kent Hrbek
|
0-0: Ball 1-0: Ball 2-0: Ball 3-0: Called Strike 3-1: Called Strike 3-2: SINGLE (Groundball, 5D, EV 103.1 MPH) Willie Wilson to second
|
|
Batting: LHB George Kaage
|
0-0: Ball Willie Wilson is caught stealing 3rd base 2-5 1-0: Called Strike 1-1: Foul Ball, location: 2F 1-2: Ball 2-2: Ball 3-2: Fielders Choice at 2nd, 4-6 (Groundball, 4, EV 92.5 MPH)
|
|
Batting: SHB Larry Hyman
|
0-0: Ball 1-0: Ball 2-0: Called Strike 2-1: Foul Ball, location: 2F 2-2: Fly out, F8 (Flyball, 8LS, EV 98.1 MPH)
|
| Bottom of the 9th over - 1 run, 3 hits, 0 errors, 1 left on base; Cleveland 2 - New York 2 |
| TOP OF THE 10TH |
|
Cleveland Spiders batting - Pitching for New York Yankees : RHP Camilo Aprgio
|
|
Batting: RHB Jesse Barfield
|
0-0: Ball 1-0: Ball 2-0: Called Strike 2-1: Foul Ball, location: 2F 2-2: Fly out, F8 (Flyball, 89M, EV 79.4 MPH)
|
|
Batting: RHB Tom Brunansky
|
0-0: Ball 1-0: Foul Ball, location: 2F 1-1: Swinging Strike 1-2: Strikes out looking
|
|
Batting: SHB Bump Wills
|
0-0: Ball 1-0: Called Strike 1-1: Ground out 4-3 (Groundball, 4, EV 97.5 MPH)
|
| Top of the 10th over - 0 runs, 0 hits, 0 errors, 0 left on base; Cleveland 2 - New York 2 |
| BOTTOM OF THE 10TH |
|
New York Yankees batting - Pitching for Cleveland Spiders : RHP Joe Beckwith
|
|
Batting: SHB Jerry Manuel
|
0-0: Foul Ball, location: 2F 0-1: SINGLE (Line Drive, 7S, EV 105.0 MPH)
|
|
Batting: RHB David Hall
|
0-0: Ball 1-0: Called Strike Jerry Manuel steals 2nd, throwing error, E2 Jerry Manuel to third 1-1: Foul Ball, location: 2F 1-2: Ball 2-2: SINGLE (Line Drive, 5L, EV 98.8 MPH) Jerry Manuel scores
|
| Bottom of the 10th over - 1 run, 2 hits, 1 error, 0 left on base; Cleveland 2 - New York 3 |
|